 Dungeon Crawl Stone Soup version 0.31.0-32-g396128a36d (webtiles) character file.

Game seed: 6484486787918019847

675 hawla the Arsonist (level 7, -3/36 HPs)
             Began as a Deep Elf Fire Elementalist on Apr 17, 2024.
             Hit by a javelin thrown by a gnoll sergeant (7 damage)
             ... on level 5 of the Dungeon.
             The game lasted 00:08:43 (3884 turns).

hawla the Arsonist (Deep Elf Fire Elementalist)     Turns: 3884, Time: 00:08:46

Health: -3/36      AC:  8    Str:  4    XL:     7   Next: 33%
Magic:  6/13       EV: 13    Int: 21    God:
Gold:   169        SH:  0    Dex: 19    Spells: 5/12 levels left

rFire   . . .        (no weapon)
rCold   . . .        (no shield)
rNeg    . . .        a - +0 robe
rPois   +            (no helmet)
rElec   .            (no cloak)
rCorr   .            l - +0 pair of gloves
SInv    .            i - +0 pair of boots
Will    .....        (no amulet)
Stlth   ++           (no ring)
HPRegen 0.26/turn    (no ring)
MPRegen 0.13/turn

%: no passive effects
@: about to teleport
A: iridescent scales 2, agile 1, poison resistance
a: no special abilities


You were on level 5 of the Dungeon.
You visited 1 branch of the dungeon, and saw 5 of its levels.

You collected 169 gold pieces.

Inventory:

Armour
 a - a +0 robe (worn)
 i - a +0 pair of boots (worn)
 l - a +0 pair of gloves (worn)
Jewellery
 e - a ring of fire
 g - an amulet of regeneration
Wands
 n - a wand of paralysis (14) (quivered)
Scrolls
 c - a scroll of torment {unknown}
 f - 3 scrolls of enchant weapon
 m - a scroll of revelation
 r - a scroll of identify
Potions
 b - a potion of magic
 h - a potion of berserk rage
 j - 2 potions of lignification
 k - a potion of heal wounds {unknown}
 o - a potion of curing {unknown}
 p - 3 potions of enlightenment {unknown}


   Skills:
 - Level 2.4 Dodging
 - Level 2.4 Stealth
 - Level 3.0 Spellcasting
 - Level 1.1 Conjurations
 + Level 9.5 Fire Magic


You had 5 spell levels left.
You knew the following spells:

 Your Spells              Type           Power      Damage    Failure   Level
a - Foxfire               Conj/Fire      100%       2x1d9     1%          1
b - Scorch                Fire           86%        2d8       1%          2
c - Flame Wave            Conj/Fire      25%        2d8       16%         4

Your spell library contained the following spells:

 Spells                   Type           Power      Damage    Failure   Level
 Inner Flame              Hex/Fire       23%        N/A       5%          3
 Volatile Blastmotes      Fire/Tloc      46%        2d13      5%          3
 Magic Dart               Conj           28%        1d4       9%          1
 Searing Ray              Conj           14%        2d5       13%         2
 Ensorcelled Hibernation  Hex/Ice        6%         N/A       21%         2
 Dazzling Flash           Conj/Hex       10%        N/A       32%         3
 Hailstorm                Conj/Ice       5%         3d5       32%         3
 Passwall                 Erth           3%         N/A       36%         3
 Summon Ice Beast         Ice/Summ       3%         N/A       36%         3
 Swiftness                Air            3%         N/A       36%         3
 Fulminant Prism          Conj/Alch      2%         3d5       71%         4
 Starburst                Conj/Fire      12%        6d5       93%         6
 Sculpt Simulacrum        Ice/Alch       1%         N/A       100%        6
 Maxwell's Capacitive Co  Air            1%         ∞         100%        8


Dungeon Overview and Level Annotations

Branches:
Dungeon (5/15)
 Temple: D:4-7

Altars:
Elyvilon
Hepliaklqana
Kikubaaqudgha
Uskayaw
Zin
The Shining One


Innate Abilities, Weirdness & Mutations

You are mostly covered in iridescent scales. (AC +4)
You are agile. (Dex +4, Str/Int -1)
Your system is resistant to poisons. (rPois)


Message History

You conjure some foxfire!
The foxfire hits the gnoll sergeant.
The gnoll sergeant is moderately wounded.
The gnoll sergeant hits you from afar with a +0 trident!
Casting: Foxfire (safe; 1% risk of failure)
Confirm with . or Enter, or press ? or * to list all spells.
You conjure some foxfire!
The foxfire hits the gnoll sergeant.
The gnoll sergeant is moderately wounded.
The foxfire hits the gnoll.
The gnoll is heavily wounded.
The foxfire hits the gnoll sergeant but does no damage.
The gnoll sergeant is moderately wounded.
The gnoll sergeant hits you from afar with a +0 trident.
A gnoll comes into view. It is wielding a +0 whip.
The gnoll hits you from afar with a +0 spear.
Casting: Foxfire (safe; 1% risk of failure)
Confirm with . or Enter, or press ? or * to list all spells.
Flames lash the gnoll.
You kill the gnoll!
The foxfire hits the gnoll sergeant.
The gnoll sergeant is heavily wounded.
The foxfire hits the gnoll sergeant but does no damage.
The gnoll sergeant is heavily wounded.
A gnoll comes into view. It is wielding a +0 spear.
The gnoll sergeant closely misses you.
Unknown command.
As you read the scroll of teleportation, it crumbles to dust.
You feel strangely unstable.
The gnoll sergeant throws a javelin.
The javelin pierces through you!
* * * LOW HITPOINT WARNING * * *
A gnoll comes into view.
It is wielding a +0 whip and quivering a throwing net.
The gnoll shouts!
Unknown command.
It was a potion of mutation.
You feel extremely strange.
You feel agile.
Iridescent scales grow over part of your body.
You feel resistant to poisons.
Iridescent scales spread over more of your body.
The gnoll shouts!
The gnoll sergeant throws a javelin.
The javelin pierces through you!
You die...

...........#)########
...........')........
...........#)########
.........#.#
........#.##
#..#####..##
#..######..#
#######.......##.##
..g.gg.@#####..)..#
g.......+........>#
......gg###########
........) .........
.......... ..........
..$........


You could see a gnoll sergeant, a gnoll bouda and 4 gnolls.

Vanquished Creatures
  Sigmund (D:3)
  A black bear (D:3)
  A hound (D:4)
  2 iguanas
  A sleepcap (D:4)
  Jessica (D:2)
  2 orc wizards (D:4)
  7 gnolls
  6 adders
  2 ribbon worms
  10 orcs
  3 ball pythons
  6 endoplasms
  4 giant cockroaches
  7 goblins
  10 hobgoblins
  4 quokkas
  6 bats
  6 frilled lizards
  14 kobolds
  4 rats
98 creatures vanquished.

Vanquished Creatures (collateral kills)
  A foxfire (D:2)
1 creature vanquished.

Vanquished Creatures (others)
  A human (D:3)
  258 foxfires
259 creatures vanquished.

Grand Total: 358 creatures vanquished

Notes
Turn   | Place    | Note
-------+----------+-------------------------------------------
     0 | D:1      | hawla the Deep Elf Fire Elementalist began the quest for
                  | the Orb.
     0 | D:1      | Reached XP level 1. HP: 10/10 MP: 6/6
   218 | D:1      | Reached skill level 4 in Fire Magic
   218 | D:1      | Reached XP level 2. HP: 15/15 MP: 5/8
   848 | D:1      | Reached XP level 3. HP: 19/19 MP: 5/9
  1094 | D:2      | Learned a level 2 spell: Scorch
  1217 | D:2      | Noticed Jessica
  1221 | D:2      | Killed Jessica
  1222 | D:2      | Reached skill level 5 in Fire Magic
  1249 | D:2      | Reached XP level 4. HP: 24/24 MP: 7/10
  1391 | D:2      | Found a glowing silver altar of Zin.
  1512 | D:2      | Found a faded altar of an unknown god.
  1994 | D:3      | Found a glowing silver altar of Zin.
  2009 | D:3      | Reached skill level 6 in Fire Magic
  2053 | D:3      | Noticed a black bear
  2060 | D:3      | Killed a black bear
  2061 | D:3      | Reached XP level 5. HP: 28/28 MP: 4/11
  2219 | D:3      | Noticed Sigmund
  2226 | D:3      | Killed Sigmund
  2227 | D:3      | Reached skill level 8 in Fire Magic
  2227 | D:3      | Reached XP level 6. HP: 32/32 MP: 4/12
  2232 | D:3      | Learned a level 4 spell: Flame Wave
  2311 | D:3      | You fall into a shaft and drop 1 floor!
  2311 | D:4      | Found a hide-covered altar of Uskayaw.
  2786 | D:3      | Found an ancient bone altar of Kikubaaqudgha.
  2787 | D:3      | Noticed a human
  2790 | D:3      | Killed a human
  2862 | D:3      | Found a white marble altar of Elyvilon.
  2862 | D:3      | Found a glowing golden altar of the Shining One.
  3260 | D:4      | Reached XP level 7. HP: 36/36 MP: 9/13
  3423 | D:4      | Reached skill level 9 in Fire Magic
  3461 | D:4      | Found a hazy altar of Hepliaklqana.
  3688 | D:5      | Entered Level 5 of the Dungeon
  3884 | D:5      | Gained mutation: You are agile. (Dex +4, Str/Int -1)
                  | [potion of mutation]
  3884 | D:5      | Gained mutation: You are partially covered in iridescent
                  | scales. (AC +2) [potion of mutation]
  3884 | D:5      | Gained mutation: Your system is resistant to poisons.
                  | (rPois) [potion of mutation]
  3884 | D:5      | Gained mutation: You are mostly covered in iridescent
                  | scales. (AC +4) [potion of mutation]
  3884 | D:5      | Hit by a javelin thrown by a gnoll sergeant

Illustrated notes

Levels and vault maps discovered:
D:1:      eino_arrival_cavern_b, layout_loops_ring
D:2:      layout_basic, shapermc_ecumenical_altar_flowoftime, basic_altar,
          uniq_jessica
D:3:      layout_basic, dreamdust_divine_triumvirate, tgw_kikubaaqudgha,
          uniq_sigmund
D:4:      layout_rooms, nicolae_uskayaw_dance_hall,
          nicolae_hepliaklqana_hazy_memory, serial_curves, eino_curves_01,
          eino_curves_02, serial_bayou_pond_a
D:5:      layout_basic, biasface_ghost_orc_armoury

Skill      XL: |  1  2  3  4  5  6  7 |
---------------+----------------------+-----
Fire Magic     | 4 5 6 8 9 |  9.5
Dodging        | |  2.4
Stealth        | |  2.4
Spellcasting   | |  3.0
Conjurations   | |  1.1

Action                     |  1- 3 |  4- 6 |  7- 9 || total
---------------------------+-------+-------+-------++-------
  Melee: Unarmed           |    11 |     3 |       ||    14
   Cast: Foxfire           |    48 |    83 |    22 ||   153
         Scorch            |     1 |    13 |     9 ||    23
         Flame Wave        |       |     1 |       ||     1
    Use: Scroll            |     2 |     1 |     3 ||     6
         Potion            |       |       |     1 ||     1
 Armour: Robe              |    10 |     4 |     8 ||    22
  Dodge: Dodged            |    13 |    14 |     1 ||    28
